BSA
NEW YORK KNIGHTS @ JERSEY SHORE D-BAGS
05/27/2029
 
TOP OF THE 1ST
New York Knights batting - Pitching for Jersey Shore D-Bags : RHP Roland Martin
Pitching: RHP Roland Martin
Batting: LHB Mike Harris 0-0: Called Strike
0-1: Swinging Strike
0-2: Foul Ball, location: 2F
0-2: Ball
1-2: Ball
2-2: Foul Ball, location: 2F
2-2: Ball
3-2: Strikes out swinging
Batting: RHB Pepe Carrasco 0-0: Ball
1-0: Foul Ball, location: 2F
1-1: Swinging Strike
1-2: Foul Ball, location: 2F
1-2: Ball
2-2: Ball
3-2: Ground out 4-3 (Groundball, 4)
Batting: LHB Dan Hamilton 0-0: Ball
1-0: Ball
2-0: Foul Ball, location: 2F
2-1: Ball
3-1: SINGLE (Line Drive, 8RM)
Batting: RHB Lonnie Anderson 0-0: Foul Ball, location: 2F
0-1: Swinging Strike
0-2: Ball
Throwing error on steal attempt, E2
Dan Hamilton to third
1-2: Strikes out swinging
Top of the 1st over - 0 runs, 1 hit, 1 error, 1 left on base; New York 0 - Jersey Shore 0
BOTTOM OF THE 1ST
Jersey Shore D-Bags batting - Pitching for New York Knights : LHP Phil Davis
Pitching: LHP Phil Davis
Batting: RHB Ricardo González 0-0: Ball
1-0: Ball
2-0: Foul Ball, location: 2F
2-1: Called Strike
2-2: Ball
3-2: SINGLE (Line Drive, 8LS)
Batting: RHB Mike Ingram 0-0: Ball
1-0: Ball
2-0: Called Strike
2-1: Ball
3-1: Fly out, F4 (Popup, 4S)
Batting: LHB Ed Murray 0-0: Foul Ball, location: 2F
0-1: Called Strike
0-2: Grounds into double play, 6-4-3 (Groundball, 6)
Bottom of the 1st over - 0 runs, 1 hit, 0 errors, 0 left on base; New York 0 - Jersey Shore 0
TOP OF THE 2ND
New York Knights batting - Pitching for Jersey Shore D-Bags : RHP Roland Martin
Batting: RHB Daniel Robert 0-0: Called Strike
0-1: Fly out, F9 (Flyball, 89D)
Batting: SHB Marvin Harris 0-0: Swinging Strike
0-1: Foul Ball, location: 2F
0-2: Ball
1-2: Ball
2-2: Strikes out looking
Batting: RHB Felipe Rodríguez 0-0: Ball
1-0: Ball
2-0: Ground out 5-3 (Groundball, 5)
Top of the 2nd over - 0 runs, 0 hits, 0 errors, 0 left on base; New York 0 - Jersey Shore 0
BOTTOM OF THE 2ND
Jersey Shore D-Bags batting - Pitching for New York Knights : LHP Phil Davis
Batting: RHB Miguel Serna 0-0: Ball
1-0: Ball
2-0: SINGLE (Groundball, 4D)
Batting: RHB Ben Morton 0-0: Called Strike
0-1: Ball
1-1: SINGLE (Groundball, 6D)
Miguel Serna to second
Runner from 2nd tries for 3rd, SAFE, no throw
Batting: LHB António Cedeño 0-0: Called Strike
0-1: Foul Ball, location: 2F
0-2: Strikes out swinging
Batting: RHB Pat Fullerton 0-0: Ball
1-0: Ball
2-0: Called Strike
2-1: Ball
3-1: Base on Balls
Ben Morton to second
Batting: LHB Marcos Villarreal 0-0: Called Strike
0-1: Ball
1-1: Foul Ball, location: 2F
1-2: Foul Ball, location: 2F
1-2: Fielders Choice at 2nd, 3-6 (Groundball, 34)
Miguel Serna scores
Ben Morton to third
Batting: RHB Tetsunori Ito 0-0: Called Strike
0-1: Ball
1-1: Ball
2-1: Fielders Choice at 2nd, 5-4 (Groundball, 56)
Bottom of the 2nd over - 1 run, 2 hits, 0 errors, 2 left on base; New York 0 - Jersey Shore 1
TOP OF THE 3RD
New York Knights batting - Pitching for Jersey Shore D-Bags : RHP Roland Martin
Batting: RHB Steve Sampson 0-0: Called Strike
0-1: Ground out U3 (Groundball, 34S)
Batting: RHB Jacob Pope 0-0: Foul Ball, location: 2F
0-1: Ball
1-1: DOUBLE (Line Drive, 89XD)
Batting: LHB Mike Harris 0-0: Ball
1-0: Ball
2-0: Called Strike
2-1: Ground out 6-3 (Groundball, 6)
Batting: RHB Pepe Carrasco 0-0: Foul Ball, location: 2F
0-1: Foul Ball, location: 2F
0-2: Ball
1-2: Ball
2-2: Foul Ball, location: 2F
2-2: Ball
3-2: Foul Ball, location: 2F
3-2: Ground out 6-3 (Groundball, 6)
Top of the 3rd over - 0 runs, 1 hit, 0 errors, 1 left on base; New York 0 - Jersey Shore 1
BOTTOM OF THE 3RD
Jersey Shore D-Bags batting - Pitching for New York Knights : LHP Phil Davis
Batting: RHB Ricardo González 0-0: Foul Ball, location: 2F
0-1: Called Strike
0-2: Foul Ball, location: 2F
0-2: Ball
1-2: Fly out, F4 (Popup, 4MS)
Batting: RHB Mike Ingram 0-0: Ball
1-0: Ball
2-0: Ground out 6-3 (Groundball, 56D)
Batting: LHB Ed Murray 0-0: Called Strike
0-1: SINGLE (Groundball, 3D)
Batting: RHB Miguel Serna 0-0: Ground out 1-3 (Groundball, 13S)
Bottom of the 3rd over - 0 runs, 1 hit, 0 errors, 1 left on base; New York 0 - Jersey Shore 1
TOP OF THE 4TH
New York Knights batting - Pitching for Jersey Shore D-Bags : RHP Roland Martin
Batting: LHB Dan Hamilton 0-0: Ball
1-0: Foul Ball, location: 2F
1-1: Foul Ball, location: 2F
1-2: Ball
2-2: Ground out U3 (Groundball, 3)
Batting: RHB Lonnie Anderson 0-0: Ball
1-0: Called Strike
1-1: Foul Ball, location: 2F
1-2: SINGLE (Flyball, 7S)
Batting: RHB Daniel Robert 0-0: Fly out, F8 (Flyball, 8RM)
Batting: SHB Marvin Harris 0-0: Called Strike
0-1: Called Strike
0-2: Foul Ball, location: 2F
0-2: Ball
1-2: Strikes out swinging
Top of the 4th over - 0 runs, 1 hit, 0 errors, 1 left on base; New York 0 - Jersey Shore 1
BOTTOM OF THE 4TH
Jersey Shore D-Bags batting - Pitching for New York Knights : LHP Phil Davis
Batting: RHB Ben Morton 0-0: Ground out 5-3 (Groundball, 5)
Batting: LHB António Cedeño 0-0: Ball
1-0: Swinging Strike
1-1: Called Strike
1-2: Strikes out swinging
Batting: RHB Pat Fullerton 0-0: Ball
1-0: Ball
2-0: Ground out 6-3 (Groundball, 6MD)
Bottom of the 4th over - 0 runs, 0 hits, 0 errors, 0 left on base; New York 0 - Jersey Shore 1
TOP OF THE 5TH
New York Knights batting - Pitching for Jersey Shore D-Bags : RHP Roland Martin
Batting: RHB Felipe Rodríguez 0-0: Called Strike
0-1: Swinging Strike
0-2: Ball
1-2: Foul Ball, location: 2F
1-2: Strikes out swinging
Batting: RHB Steve Sampson 0-0: Ground out 6-3 (Groundball, 6)
Batting: RHB Jacob Pope 0-0: Called Strike
0-1: Foul Ball, location: 2F
0-2: Ball
1-2: Ground out U3 (Groundball, 3)
Top of the 5th over - 0 runs, 0 hits, 0 errors, 0 left on base; New York 0 - Jersey Shore 1
BOTTOM OF THE 5TH
Jersey Shore D-Bags batting - Pitching for New York Knights : LHP Phil Davis
Batting: LHB Marcos Villarreal 0-0: Ball
1-0: Ground out 4-3 (Groundball, 34D)
Batting: RHB Tetsunori Ito 0-0: Ball
1-0: Ground out 4-3 (Groundball, 4)
Batting: RHB Ricardo González 0-0: Called Strike
0-1: Ball
1-1: Foul Ball, location: 2F
1-2: Foul Ball, location: 2F
1-2: Foul Ball, location: 2F
1-2: Ball
2-2: Ball
3-2: Ground out 1-3 (Groundball, 15S)
Bottom of the 5th over - 0 runs, 0 hits, 0 errors, 0 left on base; New York 0 - Jersey Shore 1
TOP OF THE 6TH
New York Knights batting - Pitching for Jersey Shore D-Bags : RHP Roland Martin
Batting: LHB Mike Harris 0-0: Called Strike
0-1: Ball
1-1: Ball
2-1: Called Strike
2-2: Strikes out swinging
Batting: RHB Pepe Carrasco 0-0: Ball
1-0: Called Strike
1-1: SINGLE (Groundball, 34) (infield hit)
Batting: LHB Dan Hamilton 0-0: Ball
1-0: Called Strike
1-1: Foul Ball, location: 2F
1-2: Fly out, F8 (Flyball, 8RS)
Batting: RHB Lonnie Anderson 0-0: Called Strike
0-1: Ball
Pickoff Throw to First - Error! E1
Pepe Carrasco to second
1-1: Fly out, F7 (Flyball, 7)
Top of the 6th over - 0 runs, 1 hit, 1 error, 1 left on base; New York 0 - Jersey Shore 1
BOTTOM OF THE 6TH
Jersey Shore D-Bags batting - Pitching for New York Knights : LHP Phil Davis
Batting: RHB Mike Ingram 0-0: Foul Ball, location: 2F
0-1: Ball
1-1: Fly out, F8 (Flyball, 8LM)
Batting: LHB Ed Murray 0-0: SINGLE (Groundball, 4S) (infield hit)
Batting: RHB Miguel Serna 0-0: Ground out 5-3 (Groundball, 56S)
Ed Murray to second
Batting: RHB Ben Morton 0-0: Ball
1-0: Called Strike
1-1: Ground out 6-3 (Groundball, 6)
Bottom of the 6th over - 0 runs, 1 hit, 0 errors, 1 left on base; New York 0 - Jersey Shore 1
TOP OF THE 7TH
New York Knights batting - Pitching for Jersey Shore D-Bags : RHP Roland Martin
Batting: RHB Daniel Robert 0-0: Ball
1-0: Ball
2-0: Fly out, F9 (Flyball, 89S)
Batting: SHB Marvin Harris 0-0: Ball
1-0: Ball
2-0: Called Strike
2-1: Ball
3-1: Swinging Strike
3-2: Strikes out looking
Batting: RHB Felipe Rodríguez 0-0: Called Strike
0-1: Foul Ball, location: 2F
0-2: Strikes out swinging
Top of the 7th over - 0 runs, 0 hits, 0 errors, 0 left on base; New York 0 - Jersey Shore 1
BOTTOM OF THE 7TH
Jersey Shore D-Bags batting - Pitching for New York Knights : LHP Phil Davis
Batting: LHB António Cedeño 0-0: Ground out 3-1 (Groundball, 34)
Batting: RHB Pat Fullerton 0-0: Called Strike
0-1: Called Strike
0-2: Ball
1-2: Ball
2-2: Foul Ball, location: 2F
2-2: Ball
3-2: Base on Balls
Batting: LHB Marcos Villarreal 0-0: Called Strike
0-1: Called Strike
0-2: Ball
1-2: Ball
2-2: Ball
3-2: Foul Ball, location: 2F
3-2: Strikes out swinging
Pitching: RHP Sancho Mendoza
Pinch Hitting: LHB Albert Morgan 0-0: Foul Ball, location: 2F
0-1: Ball
1-1: Called Strike
1-2: Ground out 4-3 (Groundball, 4)
Bottom of the 7th over - 0 runs, 0 hits, 0 errors, 1 left on base; New York 0 - Jersey Shore 1
TOP OF THE 8TH
New York Knights batting - Pitching for Jersey Shore D-Bags : RHP Roland Martin
Now at SS: José Pinto
Batting: RHB Steve Sampson 0-0: Called Strike
0-1: Swinging Strike
0-2: Ball
1-2: Foul Ball, location: 2F
1-2: Ball
2-2: Strikes out looking
Batting: RHB Jacob Pope 0-0: Ball
1-0: Ground out U3 (Groundball, 3S)
Batting: LHB Mike Harris 0-0: Ball
1-0: Foul Ball, location: 2F
1-1: Called Strike
1-2: Ball
2-2: Foul Ball, location: 2F
2-2: Ball
3-2: Ground out 1-3 (Groundball, 15S)
Top of the 8th over - 0 runs, 0 hits, 0 errors, 0 left on base; New York 0 - Jersey Shore 1
BOTTOM OF THE 8TH
Jersey Shore D-Bags batting - Pitching for New York Knights : RHP Sancho Mendoza
Batting: RHB Ricardo González 0-0: SINGLE (Line Drive, 6MD)
Batting: RHB Mike Ingram 0-0: Ball
1-0: Called Strike
1-1: Ball
2-1: Ball
3-1: Foul Ball, location: 2F
3-2: Fielders Choice at 2nd, 5-4 (Groundball, 56)
Batting: LHB Ed Murray 0-0: Swinging Strike
0-1: Ball
1-1: Called Strike
1-2: Ball
2-2: Ground out 4-3 (Groundball, 4)
Mike Ingram to second
Batting: RHB Miguel Serna 0-0: Ball
1-0: Fly out, F4 (Line Drive, 34)
Bottom of the 8th over - 0 runs, 1 hit, 0 errors, 1 left on base; New York 0 - Jersey Shore 1
TOP OF THE 9TH
New York Knights batting - Pitching for Jersey Shore D-Bags : RHP Roland Martin
Pitching: LHP Gerald Johnson
Batting: RHB Pepe Carrasco 0-0: Called Strike
0-1: Ball
1-1: Ball
2-1: Swinging Strike
2-2: Strikes out swinging
Batting: LHB Dan Hamilton 0-0: Called Strike
0-1: Swinging Strike
0-2: Ball
1-2: Strikes out looking
Batting: RHB Lonnie Anderson 0-0: Called Strike
0-1: Ball
1-1: Ball
2-1: Swinging Strike
2-2: Strikes out swinging
Top of the 9th over - 0 runs, 0 hits, 0 errors, 0 left on base; New York 0 - Jersey Shore 1
Saturday, December 16th, 2017 - OOTP Baseball 18.8 Build 76